 Dungeon Crawl Stone Soup version 0.21.1-1-g345015f (webtiles) character file.

176 lotte the Magician (level 5, -1/28 HPs)
             Began as a Deep Elf Wizard on June 30, 2018.
             Slain by a worker ant (6 damage)
             ... on level 4 of the Dungeon on July 1, 2018.
             The game lasted 00:18:24 (3094 turns).

lotte the Magician (Deep Elf Wizard)                Turns: 3094, Time: 00:18:24

Health: -1/28      AC:  2    Str:  4    XL:     5   Next: 30%
Magic:  16/16      EV: 13    Int: 24    God:
Gold:   126        SH:  0    Dex: 13    Spells: 12/18 levels left

rFire    . . .     SeeInvis .   (no weapon)
rCold    . . .     Gourm    .   (no shield)
rNeg     . . .     Faith    .   a - +0 robe
rPois    .         Spirit   .   b - +0 hat
rElec    .         Reflect  .   (no cloak)
rCorr    .         Harm     .   (no gloves)
MR       .....                  (no boots)
Stlth    ++........             l - amulet of regeneration
HPRegen  0.49/turn              (no ring)
MPRegen  0.15/turn              (no ring)

@: lethally poisoned (-1 -> -3)
A: no striking features
a: no special abilities


You were on level 4 of the Dungeon.
You were not hungry.

You visited 1 branch of the dungeon, and saw 4 of its levels.
You also visited: Ossuary.

You collected 126 gold pieces.

Inventory:

Armour
 a - a +0 robe (worn)
 b - a +0 hat (worn)
Jewellery
 l - an amulet of regeneration (around neck)
Scrolls
 e - 5 scrolls of identify {unknown}
 f - 2 scrolls of amnesia {unknown}
 g - 3 scrolls of remove curse {unknown}
 h - 2 scrolls of teleportation {unknown}
 i - a scroll of enchant weapon {unknown}
Potions
 j - a potion of degeneration {unknown}
 k - 3 potions of curing {unknown}
 m - a potion of flight {unknown}
Books
 c - a book of Minor Magic

   Spells                             Type                      Level
   a - Magic Dart                     Conjuration                  1
   b - Blink                          Translocation                2
   c - Call Imp                       Summoning                    2
   d - Slow                           Hexes                        2
   e - Conjure Flame                  Conjuration/Fire             3
   f - Mephitic Cloud                 Conjuration/Poison/Air       3
Comestibles
 d - 5 rations


   Skills:
 - Level 2.4 Dodging
 - Level 2.4 Stealth
 + Level 7.3 Spellcasting
 + Level 2.0 Conjurations
 + Level 2.5 Summonings
   Level 1.1 Translocations


You had 12 spell levels left.
You knew the following spells:

 Your Spells              Type           Power        Failure   Level  Hunger
a - Magic Dart            Conj           ###.         3%          1    None
b - Call Imp              Summ           ###.....     3%          2    None
c - Mephitic Cloud        Conj/Pois/Air  ##......     16%         3    None


Dungeon Overview and Level Annotations

Branches:
Dungeon (3/15)

Altars:
Cheibriados


Message History

Your crimson imp hits the worker ant but does no damage.
You feel sick.
Your crimson imp blinks!
You feel sick. The worker ant closely misses you.
Your crimson imp hits the worker ant but does no damage.
The worker ant bites you.
* * * LOW HITPOINT WARNING * * *
You are more poisoned.
The worker ant poisons you!
You swap places.
You feel sick.
Your crimson imp blinks!
Your crimson imp barely misses the worker ant.
You feel sick.
Your crimson imp blinks! x2
You feel sick.
You feel sick. The worker ant barely misses you.
You feel sick.
Your crimson imp hits the worker ant but does no damage.
The worker ant bites you.
You die...

#...............#....#
#....5...........>....
#..............##....
#..............###.##
#.......5..........##.
#...................#.
#.....................
#..5.................#
#...a@................
#.................†.##
#.....................
##.......########.....
#....................
#...............#....
#####..........##'...
.........##.##..
........##...##.


You could see a worker ant and 3 friendly crimson imps.

Vanquished Creatures
  2 adders (D:2)
  2 dart slugs (D:1)
  A leopard gecko (D:2)
  3 giant cockroaches
  8 hobgoblins
  A bat (D:2)
  4 frilled lizards
  2 goblins
  5 kobolds (D:1)
  5 rats
33 creatures vanquished.

Vanquished Creatures (collateral kills)
  A hound (D:2)
  An orc priest (D:3)
  2 orc wizards (D:3)
  A worker ant (D:4)
  Robin (D:3)
  2 adders (D:2)
  An adder skeleton (D:4)
  8 orcs (D:3)
  A ball python (D:1)
  A giant cockroach (D:1)
  8 goblins
  4 hobgoblins (D:3)
  4 jackals (D:3)
  A bat (D:3)
  2 frilled lizards
  5 kobolds
  A rat (D:2)
44 creatures vanquished.

Grand Total: 77 creatures vanquished

Notes
Turn   | Place    | Note
-------+----------+-------------------------------------------
     0 | D:1      | lotte the Deep Elf Wizard began the quest for the Orb.
     0 | D:1      | Reached XP level 1. HP: 10/10 MP: 7/7
   403 | D:1      | Reached skill level 5 in Spellcasting
   435 | D:1      | Reached XP level 2. HP: 15/15 MP: 7/10
   444 | D:1      | Learned a level 2 spell: Call Imp
   954 | D:2      | Found a snail-covered altar of Cheibriados.
  1153 | D:2      | Reached XP level 3. HP: 19/19 MP: 8/12
  1509 | D:2      | Reached skill level 6 in Spellcasting
  1656 | D:2      | Reached XP level 4. HP: 24/24 MP: 9/14
  2081 | D:3      | Noticed Robin
  2097 | D:3      | Killed Robin
  2459 | D:3      | Reached XP level 5. HP: 19/28 MP: 10/16
  2644 | D:3      | Reached skill level 7 in Spellcasting
  2727 | D:3      | Learned a level 3 spell: Mephitic Cloud
  2890 | D:3      | You fall through a shaft!
  2944 | D:4      | Found a sand-covered staircase.
  2949 | Ossuary  | Entered an ossuary
  3094 | D:4      | Slain by a worker ant

Skill      XL: |  1  2  3  4  5 |
---------------+----------------+-----
Spellcasting   | 5 6 7 |  7.3
Summonings     | 2 |  2.5
Conjurations   | 2 |  2.0
Dodging        | |  2.4
Stealth        | |  2.4
Translocations | |  1.1

Action                   |  1- 3 |  4- 6 || total
-------------------------+-------+-------++-------
Melee: Unarmed           |       |    10 ||    10
 Cast: Magic Dart        |    60 |    19 ||    79
       Call Imp          |    14 |    30 ||    44
  Eat: Chunk             |       |     3 ||     3
       Ration            |       |     1 ||     1
Armor: Robe              |     4 |     9 ||    13
Dodge: Dodged            |    26 |    36 ||    62
